 Dungeon Crawl Stone Soup version 0.22-a0-299-g43f9854 (webtiles) character file.

210937 mhoghedin the Fighter (level 18, -2/162 HPs)
             Began as a Ghoul Ice Elementalist on Mar 25, 2018.
             Was the Champion of Cheibriados.
             Killed by divine providence
             ... invoked by a deep elf high priest
              (9 damage)
             ... on level 3 of the Elven Halls.
             The game lasted 02:18:27 (37967 turns).

mhoghedin the Fighter (Ghoul Ice Elementalist)     Turns: 37967, Time: 02:18:27

Health: -2/162     AC: 34    Str: 37    XL:     18   Next: 87%
Magic:  7/7        EV: 16    Int: 31    God:    Cheibriados [******]
Gold:   439        SH: 17    Dex: 24    Spells: 5/23 levels left

rFire    . . .     SeeInvis +   b - +5 demon whip "Spellbinder" {antimagic, MR+}
rCold    + + .     Gourm    .   p - +2 shield
rNeg     + + +     Faith    .   P - +4 crystal plate armour {rC+}
rPois    ∞         Spirit   .   x - +0 helmet
rElec    .         Reflect  .   j - +1 cloak
rCorr    .         Harm     .   o - +0 pair of gloves of the Pleiades {rPois rN+ MP-9 Str+8}
MR       ++...                  R - +1 pair of boots {Fly}
Stlth    ..........             F - amulet "Ifre" {*Drain +Blink Regen+ SInv Stlth+}
HPRegen  0.00/turn              T - ring of wizardry {Wiz+, !d}
MPRegen  0.10/turn              u - ring of magical power {MP+9}

@: about to teleport, flying, rotting, very slow
A: rotting body, claws 1, carnivore, cold resistance 1, negative energy
resistance 3, inhibited regeneration, torment resistance, unbreathing
}: 1/15 runes: gossamer
a: Bend Time, Temporal Distortion, Slouch, Step From Time, Renounce Religion,
Evoke Blink, Stop Flying


You were on level 3 of the Elven Halls.
You worshipped Cheibriados.
Cheibriados was exalted by your worship.
You were not hungry.

You visited 6 branches of the dungeon, and saw 31 of its levels.
You also visited: Ossuary and Ice Cave.

You collected 2608 gold pieces.
You spent 2169 gold pieces at shops.

Inventory:

Hand Weapons
 b - the +5 demon whip "Spellbinder" (weapon) {antimagic, MR+}
   (You found it on level 7 of the Dungeon)

   It reduces the magical energy of the wielder, and disrupts the spells and
   magical abilities of those hit.
   Natural abilities and divine invocations are not affected.
   It affects your resistance to hostile enchantments.
 v - a +1 eveningstar of flaming
   (You subdued it on level 2 of the Elven Halls)
Missiles
 D - 2 throwing nets {=f, !d}
 K - 5 tomahawks of dispersal {=f}
Armour
 j - a +1 cloak (worn)
   (You found it on level 1 of the Dungeon)
 o - the +0 pair of gloves of the Pleiades (worn) {rPois rN+ MP-9 Str+8}
   (You bought it in a shop on level 2 of the Orcish Mines)

   It affects your strength (+8).
   It protects you from poison.
   It protects you from negative energy.
   It affects your magic capacity (-9).
 p - a +2 shield (worn)
   (You took it off a tengu warrior on level 13 of the Dungeon)
 x - a +0 helmet (worn)
   (You found it on level 5 of the Dungeon)
 J - a +1 pair of gloves of dexterity
   (You bought it in a shop on level 2 of the Orcish Mines)
 P - a +4 crystal plate armour of cold resistance (worn)
   (You found it in an ice cave)
 R - a +1 pair of boots of flying (worn)
   (You bought it in a shop on level 2 of the Orcish Mines)
Magical Staves
 a - an uncursed staff of earth
   (You found it on level 1 of the Spider Nest)
Jewellery
 e - an uncursed ring of flight {+Fly, !d}
   (You found it on level 11 of the Dungeon)
 u - a ring of magical power (right hand) {MP+9}
   (You found it on level 5 of the Dungeon)
 F - the amulet "Ifre" (around neck) {*Drain +Blink Regen+ SInv Stlth+}
   (You acquired it on level 3 of the Lair of Beasts)

   [amulet of regeneration]

   It lets you see invisible.
   It lets you blink.
   It increases your rate of regeneration.
   It causes draining when unequipped.
   It makes you more stealthy.
 T - a ring of wizardry (left hand) {Wiz+, !d}
   (You found it on level 4 of the Dungeon)
Wands
 f - a wand of polymorph (29)
   (You found it on level 2 of the Dungeon)
 s - a wand of paralysis (20)
   (You took it off Joseph on level 8 of the Dungeon)
 t - a wand of digging (10)
   (You found it on level 4 of the Spider Nest)
 w - a wand of disintegration (28)
   (You found it on level 10 of the Dungeon)
 N - a wand of iceblast (14)
   (You found it on level 13 of the Dungeon)
 O - a wand of flame (3)
   (You took it off an orc on level 9 of the Dungeon)
Scrolls
 g - 3 scrolls of magic mapping {!r}
 k - 4 scrolls of immolation {!r}
 n - 2 scrolls of teleportation
 y - 2 scrolls of summoning
 z - 3 scrolls of fear
 B - 4 scrolls of blinking {!r}
 H - 14 scrolls of remove curse
 I - 3 scrolls of fog
 Q - 3 scrolls of identify
Potions
 d - 4 potions of ambrosia
 i - 3 potions of cancellation
 m - 9 potions of curing
 r - 2 potions of heal wounds
 C - 4 potions of resistance
 E - 4 potions of flight
 L - 2 potions of magic
Miscellaneous
 G - a lightning rod (4/4)
   (You found it on level 6 of the Lair of Beasts)
 M - a sack of spiders
Comestibles
 c - 44 rations
 h - 4 chunks of flesh {@w0}


   Skills:
 + Level 14.8 Fighting
 + Level 12.5 Maces & Flails
 - Level 2.7 Throwing
 + Level 12.4 Armour
 + Level 12.7 Dodging
 - Level 2.1 Stealth
 + Level 10.2 Shields
 - Level 3.4 Spellcasting
 - Level 5.0 Conjurations
 - Level 12.2 Necromancy
 - Level 10.0 Ice Magic
 - Level 8.0 Earth Magic
 - Level 6.1 Invocations


You had 5 spell levels left.
You knew the following spells:

 Your Spells              Type           Power        Failure   Level  Hunger
a - Freeze                Ice            ####         1%          1    None
b - Death Channel         Necr           ######....   47%         6    #######
c - Throw Icicle          Conj/Ice       ######..     26%         4    ####...
d - Borgnjor's Vile Clut  Necr/Erth      ######....   24%         5    #####..
x - Throw Frost           Conj/Ice       ######       4%          2    None


Dungeon Overview and Level Annotations

Branches:
Dungeon (15/15)            Temple (1/1) D:4            Lair (6/6) D:9
 Shoals (0/4) Lair:2       Spider (4/4) Lair:3        Slime (0/5) Lair:5
    Orc (2/2) D:9             Elf (3/3) Orc:2        Vaults (0/5) D:13
 Depths (0/5) D:15

Altars:
Ashenzari
Cheibriados
Dithmenos
Elyvilon
Fedhas
Gozag
Hepliaklqana
Kikubaaqudgha
Makhleb
Nemelex Xobeh
Okawaru
Qazlal
Ru
Sif Muna
Trog
Uskayaw
Vehumet
Wu Jian
Xom
Yredelemnul
Zin
The Shining One
Beogh
Jiyva

Shops:
D:14 [(*:   D:15 *   Orc:2 :[(}*[*   Elf:2 }!

Annotations:
Lair:2 exclusion: 2 oklob plants
Lair:4 exclusion: Rupert, Rupert


Innate Abilities, Weirdness & Mutations

Your body is rotting away.
You thrive on raw meat.
You are immune to poison.
You have sharp fingernails.
You are carnivorous and can eat meat at any time.
Your flesh is cold resistant. (rC+)
You are immune to negative energy. (rN+++)
You do not regenerate when monsters are visible.
You are immune to unholy pain and torment.
You can survive without breathing.


Message History

The deep elf master archer shoots an arrow.
The arrow hits you!!
* * * LOW HITPOINT WARNING * * *
The deep elf archer shoots an arrow.
You block the arrow.
You take 27 damage, and have 26/162 hp.
You closely miss the deep elf master archer.
The deep elf master archer shoots an arrow.
The arrow hits you but does no damage.
The deep elf archer shoots an arrow.
The arrow hits you but does no damage.
The deep elf master archer shoots an arrow.
You block the arrow.
As you read the scroll of teleportation, it crumbles to dust.
You feel strangely unstable.
The deep elf demonologist casts a spell.
The deep elf master archer shoots an arrow.
You block the arrow.
The deep elf archer shoots an arrow.
You block the arrow.
The deep elf master archer shoots an arrow.
The arrow hits you!
* * * LOW HITPOINT WARNING * * *
You take 9 damage, and have 17/162 hp.
You whack the deep elf master archer!
The deep elf demonologist casts a spell.
The deep elf master archer shoots an arrow.
The arrow misses you.
You thrash the deep elf master archer!!
You kill the deep elf master archer!
Cheibriados thoroughly appreciates the change of pace.
You feel your strength returning.
Your surroundings suddenly seem different.
You start resting.
You feel yourself speed up.
You regained 7 hp, and now have 25/162 hp.
You start resting.
A deep elf death mage comes into view. It is wielding a dagger of draining.
You regained 4 hp, and now have 29/162 hp.
The deep elf death mage shouts!
You hear a shout! x2
You thrash the deep elf death mage!!
The deep elf death mage's magic leaks into the air.
The deep elf death mage is poisoned.
The deep elf death mage looks sick.
You feel much better.
You block the deep elf death mage's attack.
You regained 24 hp, and now have 53/162 hp.
You whack the deep elf death mage!
The deep elf death mage's magic leaks into the air.
Wisps of poison gas drift from the deep elf death mage's hands.
You block the deep elf death mage's attack.
You hit the deep elf death mage.
The deep elf death mage's magic leaks into the air.
The air around the deep elf death mage crackles with energy!
You hit the deep elf death mage.
The deep elf death mage's magic leaks into the air.
The deep elf death mage twitches violently.
The deep elf death mage falters for a moment.
You whack the deep elf death mage!
The deep elf death mage's magic leaks into the air.
The deep elf death mage jerks violently!
You kill the deep elf death mage!
Cheibriados appreciates the change of pace.
You start resting.
You regained 3 hp, and now have 56/162 hp.
Okay, then.
Unknown command.
Okay, then.
Unknown command.
You block the deep elf high priest's attack.
The deep elf high priest unwields an uncursed glaive of chopping.
The deep elf high priest wields a shortbow.
The deep elf high priest shoots an arrow.
The arrow hits you but does no damage.
Things that are here:
an arrow; a quarterstaff The deep elf high priest unwields an uncursed shortbow.
The deep elf high priest wields an uncursed glaive of chopping.
The deep elf high priest hits you but does no damage.
You see here a gnarled smoking staff.
You closely miss the deep elf high priest.
The deep elf high priest misses you.
You completely miss the deep elf high priest.
You closely miss the deep elf high priest.
The deep elf high priest mumbles some strange prayers to its god against you.
Something smites you!
* * * LOW HITPOINT WARNING * * *
The deep elf demonologist gestures wildly while chanting.
You take 12 damage, and have 44/162 hp.
You whack the deep elf high priest!
As you read the scroll of teleportation, it crumbles to dust.
You feel strangely unstable.
The deep elf high priest calls down the wrath of its god upon you.
Something smites you!
* * * LOW HITPOINT WARNING * * *
You take 9 damage, and have 35/162 hp.
You hit the deep elf demonologist.
The deep elf demonologist's magic leaks into the air.
Wisps of condensation drift from the deep elf demonologist's hands.
The balrug gestures at you. The bolt of fire hits you!
* * * LOW HITPOINT WARNING * * *
The deep elf high priest invokes the aid of its god against you.
Something smites you!
You die...

...e(eeee2...## ....#.eee.1....
...###ee2...... .#e.3.......
.eee......3## #### #.41#....⌠...
'..# #e2)####..... #))# #+# #.#2#
##e.# #.# #.#2# #@2:# #.# #.#.#
#..e(}####.## #.1.#
#..:)####.<.#####
####.#############.#........#
.........................##.#
########.###.#...#.###.#.##.####.
##.#........# #.#.........
##.######### #.####.##### ### #.#
#.#


You could see a balrug, a deep elf demonologist and a deep elf high priest.

Vanquished Creatures
  Bai Suzhen (Spider:3)
  A deep elf master archer (Elf:3)
  Roxanne (Spider:4)
  A deep elf sorcerer (Elf:3)
  3 ghost moths (Spider:4)
  An orc warlord (Orc:1)
  Aizul (Elf:3)
  2 deep elf elementalists (Elf:3)
  6 emperor scorpions
  3 entropy weavers
  3 deep elf demonologists
  A deep elf annihilator (Elf:1)
  3 deep elf death magi (Elf:3)
  A spark wasp (Spider:4)
  A deep elf high priest (Elf:3)
  8 hydras
  A catoblepas (Lair:6)
  5 centaur warriors
  3 ogre magi
  A deep troll shaman (Lair:6)
  A vampire mage (D:15)
  2 death yaks (Lair:6)
  19 two-headed ogres
  2 tengu warriors (D:13)
  27 dancing weapons
  17 deep elf knights
  A shock serpent (Orc:2)
  Sonja (D:14)
  2 skeletal warriors (D:15)
  2 unseen horrors (D:14)
  10 deep elf archers
  A necromancer (D:15)
  A wizard (D:15)
  17 orb spiders
  4 orc knights
  37 deep elf magi
  4 orc sorcerers
  24 wolf spiders
  4 cyclopes
  13 ugly things
  3 moths of wrath
  A wolf spider (shapeshifter) (Elf:1)
  A manticore (D:14)
  3 black mambas
  An elephant (Lair:6)
  Maurice (D:8)
  2 ice statues (IceCv)
  Joseph (D:8)
  2 centaur zombies
  9 spiny frogs
  2 centaur skeletons
  2 gargoyles
  6 rime drakes (Lair:4)
  9 komodo dragons
  A rime drake (shapeshifter) (Elf:3)
  An efreet (D:14)
  6 ice devils (IceCv)
  A freezing wraith (D:14)
  5 yaktaurs (D:13)
  13 demonic crawlers
  A yaktaur skeleton (D:15)
  A tengu conjurer (D:13)
  A queen bee (Lair:2)
  2 trolls
  21 jumping spiders
  10 hornets
  6 slime creatures (D:14)
  10 blink frogs
  A snapping turtle (Elf:2)
  7 dream sheep
  2 spriggan zombies (D:15)
  52 redbacks
  9 hippogriffs
  A shadow (D:15)
  4 wyverns
  A wraith (D:15)
  A deep troll skeleton (D:15)
  29 yaks
  27 tarantellas
  A human (D:13)
  3 air elementals (Elf:2)
  A basilisk (shapeshifter) (Elf:1)
  2 fire elementals
  4 hungry ghosts
  3 basilisks
  5 wargs
  A soldier ant (D:15)
  11 water moccasins
  4 porcupines
  3 sky beasts
  5 black bears
  25 orc warriors
  14 ice beasts
  A necrophage (D:8)
  An ogre (shapeshifter) (D:14)
  34 ogres
  7 wolves
  29 centaurs
  2 big kobolds
  13 crocodiles
  A wyvern zombie (D:10)
  18 bullfrogs
  4 earth elementals
  A wyvern skeleton (D:9)
  A scorpion (D:13)
  20 wights
  31 killer bees
  5 jellies
  6 electric eels
  7 howler monkeys
  6 crimson imps
  A quasit (D:11)
  2 bullfrog zombies (D:7)
  2 gnoll shamans (D:10)
  11 orc priests
  5 hounds
  19 orc wizards
  A bullfrog skeleton (D:6)
  5 iguanas
  11 worker ants
  A hound zombie (D:9)
  A mummy (Ossuary)
  A worker ant zombie (D:6)
  11 gnolls
  15 adders
  A shadow imp (D:10)
  6 white imps (IceCv)
  6 ufetubi (IceCv)
  7 oozes (D:2)
  An adder zombie (D:9)
  An adder skeleton (D:6)
  4 worms
  6 dart slugs
  5 leopard geckos
  68 orcs
  A ball python (D:1)
  4 bats
  4 giant cockroaches
  5 goblins
  9 hobgoblins
  11 jackals
  21 kobolds
  5 quokkas
  3 frilled lizards
  A gnoll skeleton (Ossuary)
  2 gnoll zombies (D:8)
  3 kobold skeletons (Ossuary)
  7 orc skeletons (Ossuary)
  A quokka skeleton (D:7)
  4 rats
1033 creatures vanquished.

Vanquished Creatures (collateral kills)
  Frances (Elf:1)
  A ghost moth (Spider:4)
  A catoblepas (Lair:6)
  A death yak (Lair:6)
  The ghost of Sharkov the Martial Artist, a novice MfWn of Okawaru (D:9)
  A deep elf knight (Elf:2)
  A deep elf archer (Elf:1)
  3 deep elf magi (Elf:1)
  An ugly thing (D:9)
  2 elephants (Lair:6)
  A rime drake (Lair:4)
  2 dream sheep (Lair:6)
  A redback (Spider:4)
  An orc warrior (D:10)
  A black bear (Lair:6)
  2 centaurs
  2 ogres
  A big kobold (D:10)
  3 orc priests (Orc:2)
  3 gnolls (D:10)
  An adder skeleton (D:9)
  2 orcs (Orc:2)
33 creatures vanquished.

Vanquished Creatures (others)
  A sphinx (Spider:4)
  A reaper (IceCv)
  A deep elf death mage (Elf:3)
  A deep elf knight (Elf:2)
  A deep elf mage (Elf:2)
  A redback (Spider:4)
  3 white imps (IceCv)
  6 ufetubi (IceCv)
  3 ball lightnings
  31 fungi
  22 plants
  7 toadstools (D:2)
78 creatures vanquished.

Grand Total: 1144 creatures vanquished

Notes
Turn   | Place    | Note
-------+----------+-------------------------------------------
     0 | D:1      | mhoghedin the Ghoul Ice Elementalist began the quest for the Orb.
     0 | D:1      | Reached XP level 1. HP: 14/14 MP: 2/2
   224 | D:1      | Reached XP level 2. HP: 19/20 MP: 0/3
   269 | D:1      | Reached skill level 4 in Ice Magic
   771 | D:1      | Reached XP level 3. HP: 24/26 MP: 0/4
  1124 | D:2      | Learned a level 2 spell: Throw Frost
  1202 | D:2      | Reached skill level 5 in Ice Magic
  1557 | D:2      | Reached XP level 4. HP: 18/31 MP: 0/5
  1975 | D:2      | Learned a level 3 spell: Ozocubu's Armour
  1998 | D:2      | Reached skill level 6 in Ice Magic
  1998 | D:2      | Reached XP level 5. HP: 20/37 MP: 6/6
  2006 | D:2      | Reached skill level 1 in Fighting
  2025 | D:2      | HP: 2/39 [acid (8)]
  2047 | D:2      | HP: 10/40 [jelly (2)]
  2047 | D:2      | HP: 3/40 [acid (7)]
  2050 | D:2      | Reached skill level 2 in Fighting
  3500 | D:4      | Reached skill level 1 in Throwing
  3500 | D:4      | Reached XP level 6. HP: 50/50 MP: 7/7
  3736 | D:4      | Found a sparkling altar of Nemelex Xobeh.
  3738 | D:4      | Found a burning altar of Makhleb.
  4011 | D:4      | Found a staircase to the Ecumenical Temple.
  4021 | Temple   | Entered the Ecumenical Temple
  4054 | Temple   | Became a worshipper of Cheibriados the Contemplative
  4311 | D:4      | Reached skill level 2 in Throwing
  4455 | D:4      | Got an encrusted leather armour
  4754 | D:5      | Entered Level 5 of the Dungeon
  5025 | D:5      | Reached skill level 7 in Ice Magic
  5065 | D:5      | Reached XP level 7. HP: 56/56 MP: 6/8
  5132 | D:5      | Identified the +1 leather armour of the Trees {+Fly rCorr Dex-3} (You found it on level 4 of the Dungeon)
  5349 | D:5      | Found a sand-covered staircase.
  5364 | Ossuary  | Entered an ossuary
  5364 | Ossuary  | Noticed a wraith
  5364 | Ossuary  | Noticed a wraith
  5364 | Ossuary  | Noticed a wraith
  5399 | Ossuary  | Reached * piety under Cheibriados
  5587 | Ossuary  | Noticed a wraith
  5943 | D:5      | Found a shadowy altar of Dithmenos.
  6212 | D:5      | Reached skill level 2 in Dodging
  6295 | D:5      | Reached skill level 8 in Ice Magic
  6485 | D:6      | Found a shimmering altar of Xom.
  6502 | D:6      | Reached skill level 3 in Fighting
  6910 | D:6      | Found a glowing golden altar of the Shining One.
  6996 | D:6      | Found an ancient bone altar of Kikubaaqudgha.
  7140 | D:6      | Reached XP level 8. HP: 58/63 MP: 9/9
  7159 | D:7      | Noticed a hippogriff
  7166 | D:7      | Killed a hippogriff
  7166 | D:7      | Reached ** piety under Cheibriados
  7166 | D:7      | Reached skill level 4 in Fighting
  7166 | D:7      | Reached skill level 3 in Dodging
  7354 | D:7      | Reached skill level 1 in Armour
  7429 | D:7      | Reached skill level 5 in Fighting
  7429 | D:7      | Reached skill level 2 in Armour
  7508 | D:7      | Reached skill level 4 in Dodging
  7701 | D:7      | Reached skill level 2 in Shields
  7701 | D:7      | Reached XP level 9. HP: 38/74 MP: 8/10
  7984 | D:7      | Found the +5 demon whip "Spellbinder" {antimagic, MR+}
  8188 | D:7      | Reached skill level 3 in Shields
  8257 | D:8      | Found a bloodstained altar of Trog.
  8258 | D:8      | Found a shattered altar of Ashenzari.
  8302 | D:8      | Noticed Maurice
  8315 | D:8      | Reached skill level 1 in Maces & Flails
  8321 | D:8      | Killed Maurice
  8321 | D:8      | Reached *** piety under Cheibriados
  8321 | D:8      | Reached skill level 2 in Maces & Flails
  8353 | D:8      | Reached skill level 4 in Shields
  8388 | D:8      | Reached skill level 3 in Maces & Flails
  8444 | D:8      | Learned a level 4 spell: Summon Ice Beast
  8604 | D:8      | Noticed Joseph
  8611 | D:8      | Killed Joseph
  8611 | D:8      | Reached skill level 6 in Fighting
  8611 | D:8      | Reached skill level 4 in Maces & Flails
  8611 | D:8      | Reached skill level 3 in Armour
  8743 | D:8      | Found a basalt altar of Yredelemnul.
  8861 | D:9      | Reached skill level 5 in Dodging
  8861 | D:9      | Reached XP level 10. HP: 83/83 MP: 6/11
  8877 | D:9      | Reached **** piety under Cheibriados
  8877 | D:9      | Reached skill level 1 in Invocations
  8921 | D:9      | Noticed a red ugly thing
  8922 | D:9      | Noticed Sharkov's ghost (novice MfWn)
  8938 | D:9      | Killed a red ugly thing
  8958 | D:9      | Found a hide-covered altar of Uskayaw.
  9226 | D:9      | Killed Sharkov's ghost
  9226 | D:9      | Reached skill level 4 in Armour
  9226 | D:9      | Reached skill level 2 in Invocations
  9335 | D:9      | Found a staircase to the Lair.
  9413 | D:9      | Found a staircase to the Orcish Mines.
  9445 | D:9      | Reached skill level 5 in Maces & Flails
  9635 | Lair:1   | Entered Level 1 of the Lair of Beasts
  9635 | Lair:1   | Noticed a spiny frog
  9644 | Lair:1   | Killed a spiny frog
  9644 | Lair:1   | Reached skill level 7 in Fighting
  9644 | Lair:1   | Reached skill level 3 in Invocations
  9842 | Lair:1   | Reached ***** piety under Cheibriados
 10367 | Lair:1   | Noticed a four-headed hydra
 10371 | Lair:1   | Reached skill level 6 in Dodging
 10381 | Lair:1   | HP: 18/86 [four-headed hydra (8)]
 10382 | Lair:1   | Killed a four-headed hydra
 10382 | Lair:1   | Reached skill level 5 in Armour
 10382 | Lair:1   | Reached skill level 4 in Invocations
 10382 | Lair:1   | Reached XP level 11. HP: 16/93 MP: 0/13
 11616 | Lair:2   | Reached skill level 6 in Maces & Flails
 11618 | Lair:2   | Reached skill level 8 in Fighting
 11664 | Lair:2   | Reached skill level 5 in Invocations
 11831 | Lair:2   | Learned a level 4 spell: Throw Icicle
 12025 | Lair:2   | Reached skill level 1 in Conjurations
 12408 | Lair:2   | Noticed an oklob plant
 12410 | Lair:2   | Noticed an oklob plant
 12464 | Lair:2   | Found a staircase to the Shoals.
 12513 | Lair:2   | Reached skill level 2 in Conjurations
 12717 | Lair:2   | Reached skill level 7 in Maces & Flails
 12778 | Lair:2   | Reached skill level 3 in Conjurations
 13620 | Lair:3   | Reached skill level 4 in Conjurations
 13636 | Lair:3   | Found a hole to the Spider Nest.
 13710 | Lair:3   | Reached XP level 12. HP: 101/102 MP: 1/14
 13721 | Lair:3   | Reached ****** piety under Cheibriados
 13721 | Lair:3   | Reached skill level 8 in Maces & Flails
 13837 | Lair:3   | Identified a scroll of acquirement
 13840 | Lair:3   | Got a steaming graven amulet
 13842 | Lair:3   | Identified the amulet "Ifre" {*Drain +Blink Regen+ SInv Stlth+} (You acquired it on level 3 of the Lair of Beasts)
 14575 | Lair:4   | Reached skill level 5 in Conjurations
 14623 | Lair:4   | Reached skill level 6 in Armour
 14623 | Lair:4   | Reached skill level 7 in Dodging
 14828 | Lair:4   | Found a dark tunnel.
 14947 | Lair:4   | Noticed Rupert
 15247 | Lair:4   | Got an ancient trident
 15281 | Lair:4   | Identified the +3 trident of Focus {holy, rN+ Str+2 Dex+3} (You found it on level 4 of the Lair of Beasts)
 15723 | Lair:5   | Found a viscous altar of Jiyva.
 15724 | Lair:5   | Found a staircase to the Slime Pits.
 15728 | Lair:5   | Noticed a six-headed hydra
 15737 | Lair:5   | Killed a six-headed hydra
 15737 | Lair:5   | Reached skill level 9 in Fighting
 16874 | Lair:6   | Entered Level 6 of the Lair of Beasts
 16876 | Lair:6   | Reached skill level 7 in Armour
 17018 | Lair:5   | Reached skill level 8 in Dodging
 17280 | Lair:6   | Reached skill level 10 in Fighting
 17316 | Lair:6   | Reached XP level 13. HP: 75/113 MP: 8/15
 17689 | Lair:6   | Reached skill level 8 in Armour
 18195 | Lair:6   | Reached skill level 9 in Dodging
 18808 | Lair:6   | Reached skill level 11 in Fighting
 19319 | D:10     | Entered Level 10 of the Dungeon
 19459 | D:10     | Reached skill level 6 in Invocations
 19611 | D:10     | Found a stormy altar of Qazlal.
 21212 | D:11     | Reached skill level 9 in Ice Magic
 21215 | D:11     | Reached skill level 9 in Maces & Flails
 21245 | D:11     | Found a frozen archway.
 21304 | IceCv    | Entered an ice cave
 21531 | IceCv    | Killed a reaper
 21799 | D:11     | Reached skill level 10 in Ice Magic
 22142 | D:11     | Reached XP level 14. HP: 124/124 MP: 8/17
 23194 | D:13     | Reached skill level 10 in Maces & Flails
 23194 | D:13     | Reached skill level 9 in Armour
 23363 | D:13     | Found a gate to the Vaults.
 23575 | D:13     | Got a steaming longbow
 23583 | D:13     | Identified the +6 longbow "Embalmer" {venom, rElec Int+4} (You found it on level 13 of the Dungeon)
 23678 | D:13     | Reached skill level 10 in Dodging
 24340 | D:14     | Reached skill level 12 in Fighting
 24456 | D:14     | Reached skill level 5 in Shields
 24495 | D:14     | Found Kurar's Book Emporium.
 24501 | D:14     | Bought a book of Unlife for 715 gold pieces
 24506 | D:14     | Found a shadowy altar of Dithmenos.
 24586 | D:14     | Noticed Sonja
 24591 | D:14     | Killed Sonja
 24594 | D:14     | Reached XP level 15. HP: 99/133 MP: 9/18
 24669 | D:14     | Reached skill level 10 in Armour
 24726 | D:14     | Found a blossoming altar of Fedhas.
 24843 | D:14     | Found Viqium's Assorted Antiques.
 24872 | D:14     | Learned a level 5 spell: Borgnjor's Vile Clutch
 24933 | D:14     | Reached skill level 1 in Necromancy
 24958 | D:14     | Reached skill level 2 in Spellcasting
 24958 | D:14     | Reached skill level 1 in Earth Magic
 24965 | D:14     | Found Ymonuab's Armour Emporium.
 25094 | D:14     | Found Weum's Antique Weapon Emporium.
 25192 | D:15     | Entered Level 15 of the Dungeon
 25205 | D:15     | Reached skill level 2 in Necromancy
 25209 | D:15     | Reached skill level 2 in Earth Magic
 25211 | D:15     | Reached skill level 3 in Necromancy
 25806 | D:15     | Found a staircase to the Depths.
 25846 | D:15     | Found Pompaj's Assorted Antiques.
 25868 | D:15     | Reached skill level 3 in Spellcasting
 25868 | D:15     | Reached skill level 3 in Earth Magic
 25873 | D:15     | Reached skill level 4 in Necromancy
 26621 | Spider:1 | Entered Level 1 of the Spider Nest
 26627 | Spider:1 | Reached skill level 5 in Necromancy
 26648 | Spider:1 | Reached skill level 4 in Earth Magic
 26738 | Spider:1 | Reached skill level 6 in Shields
 26790 | Spider:1 | Reached skill level 6 in Necromancy
 27033 | Spider:1 | Reached skill level 5 in Earth Magic
 27093 | Spider:1 | Reached skill level 7 in Necromancy
 27633 | Spider:2 | Reached skill level 11 in Maces & Flails
 27837 | Spider:2 | Noticed an emperor scorpion
 27858 | Spider:2 | Killed an emperor scorpion
 28385 | Spider:3 | Reached XP level 16. HP: 97/141 MP: 9/20
 28386 | Spider:3 | Reached skill level 7 in Shields
 28488 | Spider:3 | Reached skill level 11 in Dodging
 28619 | Spider:3 | Reached skill level 13 in Fighting
 29193 | Spider:4 | Entered Level 4 of the Spider Nest
 29193 | Spider:4 | Noticed Bai Suzhen
 29320 | Spider:3 | Killed Bai Suzhen
 29376 | Spider:4 | Noticed Roxanne
 29421 | Spider:3 | Learned a level 6 spell: Death Channel
 29571 | Spider:4 | Noticed Arachne
 29583 | Spider:4 | Reached skill level 8 in Necromancy
 29713 | Spider:4 | Noticed Arachne
 29713 | Spider:4 | Arachne changed into Arachne the sphinx
 29722 | Spider:4 | Banished Arachne the sphinx
 29829 | Spider:4 | Reached skill level 9 in Necromancy
 29914 | Spider:4 | Reached skill level 10 in Necromancy
 30093 | Spider:4 | HP: 28/143 [disintegration (33)]
 30319 | Spider:4 | Reached skill level 6 in Earth Magic
 30370 | Spider:4 | Reached skill level 11 in Necromancy
 30629 | Spider:4 | Reached skill level 7 in Earth Magic
 30953 | Spider:4 | Reached XP level 17. HP: 128/149 MP: 10/21
 31111 | Spider:4 | Got a gossamer rune of Zot
 31451 | Spider:4 | Killed Roxanne
 31451 | Spider:4 | Reached skill level 12 in Maces & Flails
 31720 | Orc:1    | Entered Level 1 of the Orcish Mines
 31830 | Orc:1    | Reached skill level 12 in Necromancy
 31878 | Orc:1    | HP: 37/148 [orc warlord/enchanted halberd (17)]
 32259 | Orc:1    | Found a bloodstained altar of Trog.
 32423 | Orc:2    | Entered Level 2 of the Orcish Mines
 32426 | Orc:2    | Found Celeh's Book Shop.
 32565 | Orc:2    | Found Esecsy's Antique Weapon Emporium.
 32574 | Orc:2    | Found a staircase to the Elven Halls.
 32582 | Orc:2    | Reached skill level 8 in Earth Magic
 32600 | Orc:2    | Found an iron altar of Okawaru.
 32656 | Orc:2    | Found a roughly hewn altar of Beogh.
 32686 | Orc:2    | Found Qedoimm's Antique Armour Shoppe.
 32691 | Orc:2    | Bought a pair of brightly glowing gloves for 190 gold pieces
 32696 | Orc:2    | Identified the cursed +0 pair of gloves of the Pleiades {rPois rN+ MP-9 Str+8} (You bought it in a shop on level 2 of the Orcish Mines)
 32697 | Orc:2    | Bought a pair of glowing gloves for 150 gold pieces
 32697 | Orc:2    | Bought a pair of embroidered boots for 150 gold pieces
 32755 | Orc:2    | Reached skill level 8 in Shields
 32824 | Orc:2    | Reached skill level 11 in Armour
 32925 | Orc:2    | Found Jokhaff's Armour Boutique.
 32928 | Orc:2    | Found Busir's Gadget Shoppe.
 32928 | Orc:2    | Found Techere's General Store.
 32928 | Orc:2    | Found Nuoviwn's General Store.
 32968 | Orc:2    | Bought the +1 plate armour "Feolihif" {MR+ MP+9 Str+7} for 964 gold pieces
 33594 | Elf:1    | Entered Level 1 of the Elven Halls
 33715 | Elf:1    | Noticed an Ice Fiend
 33717 | Elf:1    | Noticed a Brimstone Fiend
 33883 | Elf:1    | Identified the Volume of the Escort
 33918 | Elf:1    | HP: 37/151 [burnt (3)]
 34139 | Elf:1    | Noticed Frances
 34149 | Elf:1    | Killed Frances
 34455 | Elf:1    | Reached skill level 9 in Shields
 34489 | Elf:1    | Reached skill level 14 in Fighting
 34652 | Elf:1    | Reached XP level 18. HP: 160/160 MP: 22/22
 34700 | Elf:1    | Reached skill level 12 in Dodging
 35441 | Elf:2    | Found Sonun's Distillery.
 35494 | Elf:2    | Found Zucrit's Gadget Shoppe.
 35645 | Elf:2    | Found a huge runed gate.
 35645 | Elf:2    | Found a huge runed gate.
 35645 | Elf:2    | Found a huge runed gate.
 35645 | Elf:2    | Found a huge runed gate.
 35645 | Elf:2    | Found a huge runed gate.
 35662 | Elf:2    | Got an iridescent morningstar
 35663 | Elf:2    | Identified the +0 morningstar of Gravity {crush, MR+ Dex-3 SInv} (You found it on level 2 of the Elven Halls)
 36300 | Elf:2    | Reached skill level 12 in Armour
 36325 | Elf:2    | HP: 28/159 [glaive of chopping (27)]
 36334 | Elf:2    | HP: 30/161 [deep elf mage/bolt of fire (15)]
 36380 | Elf:2    | HP: 36/161 [halberd of chopping (24)]
 36443 | Elf:2    | HP: 27/161 [deep elf mage/stone arrow (28)]
 37241 | Elf:3    | Entered Level 3 of the Elven Halls
 37445 | Elf:3    | Reached skill level 10 in Shields
 37524 | Elf:3    | Noticed Aizul
 37532 | Elf:3    | Killed Aizul
 37533 | Elf:3    | Noticed a deep elf blademaster
 37536 | Elf:3    | Noticed a deep elf master archer
 37537 | Elf:3    | Noticed a Brimstone Fiend
 37539 | Elf:3    | Noticed a deep elf master archer
 37547 | Elf:3    | HP: 38/162 [cacodemon[a deep elf demonologist] (10)]
 37548 | Elf:3    | HP: 14/162 [cacodemon[a deep elf demonologist] (6)]
 37548 | Elf:3    | HP: 6/162 [cacodemon[a deep elf demonologist] (8)]
 37550 | Elf:3    | Noticed a Brimstone Fiend
 37932 | Elf:3    | HP: 26/162 [deep elf master archer/arrow (27)]
 37936 | Elf:3    | Killed a deep elf master archer
 37966 | Elf:3    | HP: 35/162 [deep elf high priest/divine providence (9)]
 37967 | Elf:3    | HP: 7/162 [balrug/bolt of fire[a deep elf demonologist] (28)]
 37967 | Elf:3    | Killed from afar by a deep elf high priest

Vault maps used:
D:1:      wheals_arrival_shading, st_stairs_14
D:2:      cheibrodos_fertilizer
D:4:      chequers_temple_overflow_statue_of_worship,
          minmay_temple_entry_poolview, first_ration
D:5:      lemuel_doored_altar, chequers_ossuary_entry_cave
D:6:      xom_butterflies, lemuel_coloured_pillars_altar, tso_metal_star
D:7:      grunt_decor_mini_mirrors
D:8:      lemuel_zombie_altar_yredelemnul, grunt_temple_overflow_open,
          uniq_maurice, uniq_joseph
D:9:      eat_drink_and_be_merry_uskayaw, lair_entry_dummy, orc_0_dummy
D:10:     kennysheep_seaside_town, grunt_qazlal_clouds
D:11:     portal_ice_cave_entry_ice_beasts
D:12:     lab_entry_generic
D:13:     hangedman_vaults_entry_quadrant_bands, grunt_pizzeria
D:14:     serial_shops, kennysheep_little_box, shop_fountains, shop_fountains,
          nicolae_shop_statue_plus, nicolae_dithmenos_the_darkroom,
          fedhas_altar_3, uniq_sonja
D:15:     gammafunk_depths_entry_grave, serial_shops, nicolae_shop_behind_doors
Temple:   minmay_temple_bridge_abc
Lair:1:   st_stairs_13
Lair:2:   shoals_dummy_entry, special_room, minmay_lair_oklob_chamber,
          infiniplex_staircase_pool_2, grunt_megastairs_2
Lair:3:   spider_nest_entry_web_field, beast_lair_carwin_11
Lair:4:   nicolae_volcano_entry_lava_flow, minmay_lair_drake_nest,
          grunt_megastairs_5, uniq_rupert
Lair:5:   slime_altar_1
Lair:6:   grunt_lair_end_beastmaster, eino_small_chamber_without_monster,
          serial_bayou_lake_a
Spider:2: spider_trap
Spider:4: guppyfry_spider_rune, uniq_bai_suzhen, uniq_roxanne, uniq_arachne
Orc:1:    trog_butcher_becter
Orc:2:    st_orc_ogre_mass, serial_shops, nicolae_shop_stone, shop, shop,
          basic_altar, okawaru_metal_pillars_1_2
Elf:1:    eino_elf_arrival_customs, minmay_elf_demonology, minmay_fountain_box,
          uniq_frances
Elf:2:    serial_shops, nicolae_shop_waterfront, shop
Elf:3:    grunt_elf_hall_branching, serial_shops, nicolae_shop_statue_plus,
          uniq_aizul
Ossuary:  ossuary_due_mausoleum
IceCv:    ice_cave_small_demon

Skill      XL: |  1  2  3  4  5  6  7  8  9 10 11 12 13 14 15 16 17 18 |
---------------+-------------------------------------------------------+-----
Ice Magic      | 4 5 6 7 8 10 | 10.0
Fighting       | 2 3 5 6 7 8 10 11 12 13 14 | 14.8
Throwing       | 1 2 |  2.7
Dodging        | 2 4 5 6 8 9 10 11 12 | 12.7
Armour         | 2 3 5 7 8 9 10 11 12 | 12.4
Shields        | 2 4 5 6 7 9 10 | 10.2
Maces & Flails | 4 5 7 8 9 10 11 12 | 12.5
Invocations    | 4 5 6 |  6.1
Conjurations   | 4 5 |  5.0
Necromancy     | 7 11 12 | 12.2
Spellcasting   | 3 |  3.4
Earth Magic    | 5 7 8 |  8.0
Stealth        | |  2.1

Action                   |  1- 3 |  4- 6 |  7- 9 | 10-12 | 13-15 | 16-18 || total
-------------------------+-------+-------+-------+-------+-------+-------++-------
Melee: Short sword       |    33 |   100 |    47 |       |       |       ||   180
       Dagger            |       |       |   291 |       |       |       ||   291
       Demon whip        |       |       |    99 |   383 |  1408 |  1223 ||  3113
       Staff             |       |       |       |     1 |     7 |    18 ||    26
       Eveningstar       |       |       |       |       |       |    63 ||    63
       Morningstar       |       |       |       |       |       |    10 ||    10
 Fire: Blowgun           |       |    13 |    23 |       |       |       ||    36
Throw: Javelin           |       |    32 |    12 |       |       |       ||    44
 Cast: Freeze            |    47 |    93 |    36 |   196 |    35 |    24 ||   431
       Throw Frost       |       |       |    11 |    33 |    29 |     2 ||    75
       Throw Icicle      |       |       |       |    65 |    42 |     2 ||   109
       Summon Ice Beast  |       |       |       |     3 |    26 |       ||    29
       Borgnjor's Vile C |       |       |       |       |       |    64 ||    64
       Death Channel     |       |       |       |       |       |     8 ||     8
Invok: Bend Time         |       |       |     1 |       |     1 |       ||     2
       Slouch            |       |       |       |     1 |    14 |    10 ||    25
       Temporal Distorti |       |       |       |       |     2 |     2 ||     4
 Abil: Evoke Blink       |       |       |       |       |     1 |       ||     1
Evoke: Wand              |       |       |     5 |     2 |    24 |    36 ||    67
       Sack of spiders   |       |       |       |       |       |     3 ||     3
       Lightning rod     |       |       |       |       |       |     4 ||     4
  Use: Scroll            |       |     6 |     4 |    18 |    16 |    19 ||    63
       Potion            |       |       |     7 |       |     4 |    12 ||    23
 Stab: Confused          |       |       |       |     1 |     8 |     6 ||    15
       Petrified         |       |       |       |       |     5 |       ||     5
       Petrifying        |       |       |       |       |       |     1 ||     1
       Paralysed         |       |       |       |       |       |    11 ||    11
       Distracted        |       |       |       |       |       |     2 ||     2
       Invisible         |       |       |       |       |       |     1 ||     1
  Eat: Chunk             |     7 |    23 |    12 |    41 |    80 |    85 ||   248
       Ration            |       |     2 |       |     3 |       |    11 ||    16
Armor: Robe              |    15 |    29 |       |       |       |       ||    44
       Ice dragon scales |       |    51 |   255 |   168 |   188 |       ||   662
       Crystal plate arm |       |       |       |       |   672 |   586 ||  1258
       Plate armour      |       |       |       |       |       |    80 ||    80
Dodge: Dodged            |    51 |   114 |   289 |   354 |   839 |   560 ||  2207
Block: Buckler           |       |       |    32 |   146 |   259 |       ||   437
       Shield            |       |       |       |       |   533 |  1051 ||  1584

Table legend:
 A = Spawn XP
 B = Non-spawn XP
 C = Spawn XP percentage of total XP
 D = Spawn monster count
 E = Non-spawn monster count
 F = Spawn count percentage of total count
 G = Total turns spent on level
                    A         B        C        D         E        F      G
               +---------+---------+-------+---------+---------+-------+---------
         Total |       0 |  307344 |   0.0 |       0 |    1071 |   0.0 | 37967
               +---------+---------+-------+---------+---------+-------+---------
           D:1 |       0 |      41 |   0.0 |       0 |      19 |   0.0 |  1405
           D:2 |       0 |     234 |   0.0 |       0 |      36 |   0.0 |  1510
           D:3 |       0 |      25 |   0.0 |       0 |      12 |   0.0 |   583
           D:4 |       0 |     197 |   0.0 |       0 |      13 |   0.0 |  1344
           D:5 |       0 |     411 |   0.0 |       0 |      17 |   0.0 |  1232
           D:6 |       0 |     287 |   0.0 |       0 |      18 |   0.0 |   762
           D:7 |       0 |    1402 |   0.0 |       0 |      31 |   0.0 |  1097
           D:8 |       0 |    1965 |   0.0 |       0 |      20 |   0.0 |   519
           D:9 |       0 |    2086 |   0.0 |       0 |      33 |   0.0 |  1151
          D:10 |       0 |    3425 |   0.0 |       0 |      51 |   0.0 |  1913
          D:11 |       0 |    5834 |   0.0 |       0 |      43 |   0.0 |   881
          D:12 |       0 |    3371 |   0.0 |       0 |      25 |   0.0 |   813
          D:13 |       0 |   15949 |   0.0 |       0 |      55 |   0.0 |  1214
          D:14 |       0 |   18716 |   0.0 |       0 |      59 |   0.0 |   922
          D:15 |       0 |   11492 |   0.0 |       0 |      35 |   0.0 |   918
        Lair:1 |       0 |    3794 |   0.0 |       0 |      13 |   0.0 |  2068
        Lair:2 |       0 |    6410 |   0.0 |       0 |      47 |   0.0 |  1719
        Lair:3 |       0 |    2506 |   0.0 |       0 |      11 |   0.0 |  1298
        Lair:4 |       0 |    4527 |   0.0 |       0 |      18 |   0.0 |  1134
        Lair:5 |       0 |    4909 |   0.0 |       0 |      18 |   0.0 |  1606
        Lair:6 |       0 |   14561 |   0.0 |       0 |      53 |   0.0 |  2089
      Spider:1 |       0 |   13140 |   0.0 |       0 |      36 |   0.0 |   928
      Spider:2 |       0 |    8550 |   0.0 |       0 |      25 |   0.0 |   927
      Spider:3 |       0 |   24353 |   0.0 |       0 |      55 |   0.0 |  1344
      Spider:4 |       0 |   39055 |   0.0 |       0 |      68 |   0.0 |  1917
         Orc:1 |       0 |    5864 |   0.0 |       0 |      40 |   0.0 |   801
         Orc:2 |       0 |   19819 |   0.0 |       0 |      62 |   0.0 |   716
         Elf:1 |       0 |   32600 |   0.0 |       0 |      50 |   0.0 |  1491
         Elf:2 |       0 |   42037 |   0.0 |       0 |      62 |   0.0 |  2156
         Elf:3 |       0 |   16751 |   0.0 |       0 |      14 |   0.0 |   726
       Ossuary |       0 |      29 |   0.0 |       0 |      12 |   0.0 |   267
         IceCv |       0 |    3004 |   0.0 |       0 |      20 |   0.0 |   460
               +---------+---------+-------+---------+---------+-------+---------

Vault maps used:
D:1:      wheals_arrival_shading, st_stairs_14
D:2:      cheibrodos_fertilizer
D:4:      chequers_temple_overflow_statue_of_worship,
          minmay_temple_entry_poolview, first_ration
D:5:      lemuel_doored_altar, chequers_ossuary_entry_cave
D:6:      xom_butterflies, lemuel_coloured_pillars_altar, tso_metal_star
D:7:      grunt_decor_mini_mirrors
D:8:      lemuel_zombie_altar_yredelemnul, grunt_temple_overflow_open,
          uniq_maurice, uniq_joseph
D:9:      eat_drink_and_be_merry_uskayaw, lair_entry_dummy, orc_0_dummy
D:10:     kennysheep_seaside_town, grunt_qazlal_clouds
D:11:     portal_ice_cave_entry_ice_beasts
D:12:     lab_entry_generic
D:13:     hangedman_vaults_entry_quadrant_bands, grunt_pizzeria
D:14:     serial_shops, kennysheep_little_box, shop_fountains, shop_fountains,
          nicolae_shop_statue_plus, nicolae_dithmenos_the_darkroom,
          fedhas_altar_3, uniq_sonja
D:15:     gammafunk_depths_entry_grave, serial_shops, nicolae_shop_behind_doors
Temple:   minmay_temple_bridge_abc
Lair:1:   st_stairs_13
Lair:2:   shoals_dummy_entry, special_room, minmay_lair_oklob_chamber,
          infiniplex_staircase_pool_2, grunt_megastairs_2
Lair:3:   spider_nest_entry_web_field, beast_lair_carwin_11
Lair:4:   nicolae_volcano_entry_lava_flow, minmay_lair_drake_nest,
          grunt_megastairs_5, uniq_rupert
Lair:5:   slime_altar_1
Lair:6:   grunt_lair_end_beastmaster, eino_small_chamber_without_monster,
          serial_bayou_lake_a
Spider:2: spider_trap
Spider:4: guppyfry_spider_rune, uniq_bai_suzhen, uniq_roxanne, uniq_arachne
Orc:1:    trog_butcher_becter
Orc:2:    st_orc_ogre_mass, serial_shops, nicolae_shop_stone, shop, shop,
          basic_altar, okawaru_metal_pillars_1_2
Elf:1:    eino_elf_arrival_customs, minmay_elf_demonology, minmay_fountain_box,
          uniq_frances
Elf:2:    serial_shops, nicolae_shop_waterfront, shop
Elf:3:    grunt_elf_hall_branching, serial_shops, nicolae_shop_statue_plus,
          uniq_aizul
Ossuary:  ossuary_due_mausoleum
IceCv:    ice_cave_small_demon

Table legend:
 A = Turns spent in this place as a percentage of turns spent in the entire game.
 B = Non-inter-level travel turns spent in this place as a percentage of non-inter-level travel turns spent in the entire game.
 C = Inter-level travel turns spent in this place as a percentage of turns spent in this place.
 D = Turns resting spent in this place as a percentage of non-inter-level travel turns spent in this place.
 E = Turns spent auto-exploring this place as a percentage of non-inter-level travel turns spent in this place.
 F = Non-inter-level travel turns spent in this place divided by the number of levels of this place that you've seen.
                   A       B       C       D       E      F
               +-------+-------+-------+-------+-------+----------------------
         Total | 100.0 | 100.0 |   5.5 |  28.3 |  44.7 | 1087.1
       Dungeon |  42.8 |  42.6 |   6.0 |  24.6 |  49.1 | 1019.3
        Temple |   0.1 |   0.1 |  33.9 |   0.0 |  59.5 |  37.0
          Lair |  26.1 |  26.0 |   5.9 |  36.2 |  46.9 | 1554.2
   Spider Nest |  13.5 |  13.4 |   6.2 |  17.1 |  43.6 | 1200.2
  Orcish Mines |   4.0 |   3.8 |  10.3 |  11.8 |  43.6 | 680.0
   Elven Halls |  11.5 |  12.1 |   0.9 |  42.6 |  33.0 | 1444.7
       Ossuary |   0.7 |   0.7 |   0.0 |  38.2 |   0.0 | 267.0
      Ice Cave |   1.2 |   1.3 |   0.0 |  19.3 |   7.4 | 460.0
               +-------+-------+-------+-------+-------+----------------------

Table legend:
 A = Kills in this place as a percentage of kills in entire the game.
 B = Kills by you in this place as a percentage of kills by you in the entire game.
 C = Kills by friends in this place as a percentage of kills by friends in the entire game.
 D = Other kills in this place as a percentage of other kills in the entire game.
 E = Experience gained in this place as a percentage of experience gained in the entire game.
 F = Experience gained in this place divided by the number of levels of this place that you have seen.
                   A       B       C       D       E      F
               +-------+-------+-------+-------+-------+----------------------
         Total | 100.0 | 100.0 | 100.0 | 100.0 | 100.0 | 9313.5
       Dungeon |  43.6 |  44.0 |  36.4 |  30.8 |  21.3 | 4362.3
          Lair |  14.9 |  14.8 |  24.2 |   0.0 |  11.9 | 6117.8
   Spider Nest |  17.2 |  17.3 |   6.1 |  38.5 |  27.7 | 21274.5
  Orcish Mines |   9.5 |   9.5 |  15.2 |   0.0 |   8.4 | 12841.5
   Elven Halls |  11.8 |  11.3 |  18.2 |  30.8 |  29.7 | 30462.7
       Ossuary |   1.1 |   1.2 |   0.0 |   0.0 |   0.0 |  29.0
      Ice Cave |   1.9 |   2.0 |   0.0 |   0.0 |   1.0 | 3004.0
               +-------+-------+-------+-------+-------+----------------------
